 Dungeon Crawl Stone Soup version 0.29-a0-1027-gcd8c55af63 (webtiles) character file.

Game seed: 3198742685890567454

83 IdlyInterested the Cutter (level 4, -6/35 HPs)
             Began as a Demonspawn Fighter on Aug 12, 2022.
             Mangled by a chaos spawn (10 damage)
             ... on level 1 of the Abyss.
             The game lasted 00:04:26 (2380 turns).

IdlyInterested the Cutter (Demonspawn Fighter)      Turns: 2380, Time: 00:04:26

Health: -6/35      AC:  7    Str: 17    XL:     4   Next: 22%
Magic:  4/4        EV: 10    Int: 11    God:
Gold:   112        SH:  4    Dex: 12    Spells: 3/3 levels left

rFire   . . .      SeeInvis .   a - +0 rapier
rCold   . . .      Faith    .   c - +0 buckler
rNeg    . . .      Spirit   .   b - +0 scale mail
rPois   .          Reflect  .   (no helmet)
rElec   .          Harm     .   f - +0 cloak
rCorr   .          Rampage  .   (no gloves)
Will    .....                   (no boots)
Stlth   ..........              (no amulet)
HPRegen 0.11/turn               (no ring)
MPRegen 0.09/turn               (no ring)

@: no status effects
A: icemail 1, sturdy frame 1, condensation shield
a: no special abilities


You were on level 1 of the Abyss.
You visited 1 branch of the dungeon, and saw 2 of its levels.
You visited the Abyss 1 time.

You collected 112 gold pieces.

Inventory:

Hand Weapons
 a - a +0 rapier (weapon)
Armour
 b - a +0 scale mail (worn)
 c - a +0 buckler (worn)
 f - a +0 cloak (worn)
 j - a +0 ring mail
Magical Staves
 k - a staff of fire
Scrolls
 g - 2 scrolls of fog {unknown}
 h - a scroll of fear {unknown}
 i - a scroll of vulnerability {unknown}
 l - a scroll of identify
 m - a scroll of summoning {unknown}
 n - a scroll of teleportation
Potions
 d - a potion of might
 e - a potion of mutation


   Skills:
 - Level 3.0 Fighting
 * Level 3.5 Short Blades
 - Level 3.0 Armour
 + Level 1.3 Dodging
 - Level 2.6 Shields


You had 3 spell levels left.
You didn't know any spells.
Your spell library was empty.

Dungeon Overview and Level Annotations

Branches:
Dungeon (2/15)

Altars:

Annotations:
D:2 Crazy Yiuf


Innate Abilities, Weirdness & Mutations

A meltable icy envelope protects you from harm. (AC +0)
Your movements are slightly less encumbered by armour. (ER -2)
A meltable shield of frost defends you. (SH +0)


Message History

Crazy Yiuf hits you with a +2 quarterstaff of chaos.
You are cast into the Abyss!
This branch contains the abyssal rune of Zot.
Your icy envelope is restored.
You feel a little less mighty now.
HP restored.
A chaos spawn comes into view.
A chaos spawn is nearby!
The chaos spawn shouts!
You hit the chaos spawn but do no damage.
The chaos spawn hits you! The chaos spawn shocks you!
You hit the chaos spawn but do no damage.
The chaos spawn closely misses you.
You hit the chaos spawn but do no damage.
The chaos spawn closely misses you.
You hit the chaos spawn.
The chaos spawn is lightly wounded.
The chaos spawn gores you but does no damage.
You barely miss the chaos spawn.
The chaos spawn is lightly wounded.
The chaos spawn closely misses you.
The chaos spawn attacks as you move away!
The chaos spawn hits you but does no damage.
The chaos spawn attacks as you move away!
The chaos spawn hits you but does no damage.
An earth elemental comes into view.
The chaos spawn attacks as you move away!
You block the chaos spawn's attack.
The chaos spawn attacks as you move away!
The chaos spawn misses you.
The chaos spawn attacks as you move away!
You block the chaos spawn's attack.
The chaos spawn attacks as you move away!
The chaos spawn hits you. The chaos spawn shocks you!
The chaos spawn attacks as you move away!
The chaos spawn gores you!
* * * LOW HITPOINT WARNING * * *
You are engulfed in flames!
Your icy defenses dissipate!
You die...

.##
.##.###.##..#.
##......#........
.4#.
.#....##.#.#..
#..##......# .#
..#...E...#.#
#.....##.#.##
..... #.#.#
#....#4#...
#.@#.#...
#..###...# #... #
.# #...# #..
.#..# .. ###.##
.#. # .


You could see a chaos spawn.

Vanquished Creatures
  Jessica (D:2)
  An adder (D:2)
  A worm (D:2)
  A dart slug (D:2)
  4 ball pythons
  5 endoplasms
  2 giant cockroaches
  A goblin (D:1)
  A hobgoblin (D:2)
  4 jackals (D:1)
  4 quokkas
  3 bats
  3 frilled lizards
  6 kobolds
  5 rats
42 creatures vanquished.

Notes
Turn   | Place    | Note
-------+----------+-------------------------------------------
     0 | D:1      | IdlyInterested the Demonspawn Fighter began the quest for
                  | the Orb.
     0 | D:1      | Reached XP level 1. HP: 18/18 MP: 1/1
   453 | D:1      | Gained mutation: Your movements are slightly less
                  | encumbered by armour. (ER -2) [demonic ancestry]
   453 | D:1      | Reached XP level 2. HP: 17/24 MP: 2/2
   727 | D:1      | Found a faded altar of an unknown god.
  1237 | D:2      | Gained mutation: A meltable shield of frost defends you.
                  | (SH +0) [demonic ancestry]
  1237 | D:2      | Reached XP level 3. HP: 27/29 MP: 3/3
  1802 | D:2      | Found a runed translucent door.
  1803 | D:2      | Noticed Crazy Yiuf
  1843 | D:2      | Reached skill level 1 in Dodging
  1912 | D:2      | Noticed Jessica
  1923 | D:2      | Killed Jessica
  1924 | D:2      | Gained mutation: A meltable icy envelope protects you from
                  | harm. (AC +0) [demonic ancestry]
  1924 | D:2      | Reached XP level 4. HP: 25/35 MP: 4/4
  2237 | Abyss:1  | Cast into level 1 of the Abyss (Crazy Yiuf)
  2347 | Abyss:1  | Noticed a chaos spawn
  2373 | Abyss:1  | Noticed an earth elemental
  2380 | Abyss:1  | Mangled by a chaos spawn

Illustrated notes

Levels and vault maps discovered:
D:1:      matt_arrival_refuge, layout_rooms, hellmonk_ecumenical_altar_run_dry
D:2:      layout_basic, nicolae_titane, uniq_crazy_yiuf_cottage, uniq_jessica
Abyss:1:  base: D:2, hangedman_abyss_monster_moat, bh_silent_lugonu_exit

Skill      XL: |  1  2  3 |
---------------+----------+-----
Short Blades   | 2 3 |  3.5
Armour         | 3 |  3.0
Dodging        | 1 |  1.3
Fighting       | |  3.0
Shields        | |  2.6

Action                   |  1- 3 |  4- 6 || total
-------------------------+-------+-------++-------
Melee: Rapier            |   162 |    14 ||   176
  Use: Scroll            |     5 |       ||     5
       Potion            |       |     1 ||     1
Armor: Scale mail        |    64 |     7 ||    71
Dodge: Dodged            |    74 |     6 ||    80
Block: Buckler           |    43 |     3 ||    46

Table legend: (Time is in decaauts)
 A = Elapsed time spent in this place.
 B = Non-inter-level travel time spent in this place.
 C = Inter-level travel time spent in this place.
 D = Time resting spent in this place.
 E = Time spent auto-exploring this place.
 F = Levels seen in this place.
 G = Mean time per level.
                   A        B        C        D        E       F      G
               +--------+--------+--------+--------+--------+-----+--------+
         Total |   2399 |   2305 |     94 |    561 |   1235 |   3 |  799.7 |
       Dungeon |   2257 |   2163 |     94 |    561 |   1126 |   2 | 1128.5 |
         Abyss |    142 |    142 |      0 |      0 |    109 |   1 |  142.0 |
               +--------+--------+--------+--------+--------+-----+--------+

Top non-repeatable levels by time:
     D:2: 1180 daAuts
     D:1: 1076 daAuts
 Abyss:1: 142 daAuts
